 Dungeon Crawl Stone Soup version 0.30-b1-2-g02819fbbbe (webtiles) character file.

Game seed: 6634047971522696057

21 hadoken the Shooter (level 2, 0/26 HPs)
             Began as a Naga Hunter on May 19, 2023.
             Slain by an adder (2 damage)
             ... on level 2 of the Dungeon.
             The game lasted 00:01:08 (971 turns).

hadoken the Shooter (Naga Hunter)                    Turns: 971, Time: 00:01:08

Health: 0/26       AC:  3    Str: 13    XL:     2   Next: 87%
Magic:  2/2        EV:  9    Int:  9    God:
Gold:   38         SH:  0    Dex: 14    Spells: 1/1 levels left

rFire   . . .        a - +0 shortbow
rCold   . . .        (shield currently unavailable)
rNeg    . . .        c - +0 leather armour
rPois   +            (no helmet)
rElec   .            (no cloak)
rCorr   .            h - +0 pair of gloves
SInv    +            (no barding)
Will    .....        (no amulet)
Stlth   ++           (no ring)
HPRegen 0.24/turn    (no ring)
MPRegen 0.08/turn

%: no passive effects
@: brilliant, short of breath, very slow
A: AC +0, large, see invisible, deformed body, poison resistance, slowness 2,
spit poison 1, naga tail 1
a: Spit Poison


You were on level 2 of the Dungeon.
You visited 1 branch of the dungeon, and saw 2 of its levels.

You collected 38 gold pieces.

Inventory:

Hand Weapons
 a - a +0 shortbow (weapon)
Armour
 c - a +0 leather armour (worn)
 h - a +0 pair of gloves (worn)
Jewellery
 g - a +5 ring of evasion
Scrolls
 b - a scroll of immolation
 d - a scroll of teleportation {unknown}
 f - a scroll of silence {unknown}
Potions
 e - a potion of brilliance


   Skills:
 - Level 2.0 Fighting
 + Level 4.3 Ranged Weapons
 - Level 1.5 Dodging
 - Level 1.5 Stealth


You had one spell level left.
You didn't know any spells.
Your spell library contained the following spells:

 Spells                   Type           Power      Damage    Failure   Level
 Beastly Appendage        Tmut           0%         N/A       45%         1
 Ensorcelled Hibernation  Hex/Ice        0%         N/A       61%         2
 Passwall                 Tmut/Erth      0%         N/A       61%         2
 Wereblood                Tmut           0%         N/A       61%         2
 Spider Form              Tmut/Pois      0%         N/A       83%         3
 Swiftness                Air            0%         N/A       83%         3
 Animate Dead             Necr           0%         N/A       99%         4
 Haunt                    Necr/Summ      0%         N/A       100%        7
 Infestation              Necr           0%         N/A       100%        8


Dungeon Overview and Level Annotations

Branches:
Dungeon (2/15)

Altars:


Innate Abilities, Weirdness & Mutations

Your serpentine skin is tough. (AC +0)
You have supernaturally acute eyesight. (SInv)
Armour fits poorly on your strangely shaped body.
Your system is resistant to poisons. (rPois)
You cover ground very slowly.
You can spit poison.
You have a snake-like lower body.


Message History

The adder bites you but does no damage. The kobold hits you but does no damage.
Fire: a) +0 shortbow
Press: ? - help, Q - select action, (/) - cycle Shift-Dir - straight line, f/p - adder
Aim: an adder (almost dead, 44% to hit)
You shoot an arrow. The arrow closely misses the adder.
The adder bites you.
* * * LOW HITPOINT WARNING * * *
The kobold hits you with a +0 dagger.
* * * LOW HITPOINT WARNING * * *
The adder barely misses you.
Fire: a) +0 shortbow
Press: ? - help, Q - select action, (/) - cycle Shift-Dir - straight line, f/p - adder
Aim: an adder (almost dead, 44% to hit)
You shoot an arrow. The arrow misses the adder.
The adder bites you but does no damage. The kobold barely misses you.
The adder bites you.
* * * LOW HITPOINT WARNING * * *
Fire: a) +0 shortbow
Press: ? - help, Q - select action, (/) - cycle Shift-Dir - straight line, f/p - adder
Aim: an adder (almost dead, 44% to hit)
You shoot an arrow. The arrow barely misses the adder.
You have got your breath back.
The kobold closely misses you. The adder misses you.
The kobold hits you with a +0 dagger.
* * * LOW HITPOINT WARNING * * *
Aiming: Spit Poison (2% risk of failure)
Press: ? - help, Shift-Dir - straight line, f - kobold, p - adder
Aim: a kobold, wielding a +0 dagger (50% to hit)
The splash of poison hits the kobold but does no damage.
The kobold is poisoned.
The adder barely misses you. The kobold hits you with a +0 dagger.
* * * LOW HITPOINT WARNING * * *
The adder completely misses you.
Fire: a) +0 shortbow
Press: ? - help, Q - select action, (/) - cycle Shift-Dir - straight line, f/p - kobold
Aim: a kobold, wielding a +0 dagger (severely wounded, poisoned, 55% to hit)
You shoot an arrow. The arrow closely misses the kobold.
You kill the kobold!
The adder bites you.
You die...

##. .# #. ..#..#.. . ## .....
#.#..#.# .. #. #...# .....#.#...
#. #...# ##.#...... #. # #...# #
#.......# #. #.#...#.#
###.S##.#.# #. #.#...#.#
#...@)..#.##########. ###.......#
#.#..#............##. ..#)...<..#
#.#......#..##.##.##.
#.#.##.##.###.####......##.##.##.
>...##..................##.......
....##........#.####.##...^##.###
..(.###.#.####..# #.##)##.##.#
................# #..........#
..........#####.###############


You could see an adder.

Vanquished Creatures
  3 bats (D:1)
  3 endoplasms (D:1)
  A giant cockroach (D:2)
  A hobgoblin (D:1)
  5 kobolds
  2 ball pythons (D:1)
  A frilled lizard (D:2)
  3 goblins
  2 rats (D:1)
21 creatures vanquished.

Notes
Turn   | Place    | Note
-------+----------+-------------------------------------------
     0 | D:1      | hadoken the Naga Hunter began the quest for the Orb.
     0 | D:1      | Reached XP level 1. HP: 19/19 MP: 1/1
   281 | D:1      | Reached skill level 4 in Ranged Weapons
   281 | D:1      | Reached XP level 2. HP: 26/26 MP: 2/2
   971 | D:2      | Slain by an adder

Illustrated notes

Levels and vault maps discovered:
D:1:      minmay_arrival_up_and_down, layout_loops_ring
D:2:      layout_loops_cross, minmay_pentomino_o4

Skill      XL: |  1 |
---------------+----+-----
Ranged Weapons | 4 |  4.3
Fighting       | |  2.0
Dodging        | |  1.5
Stealth        | |  1.5

Action                     || total
---------------------------++-------
   Fire: Shortbow          ||    75
Ability: Spit Poison       ||     4
    Use: Potion            ||     1
 Armour: Leather armour    ||    19
  Dodge: Dodged            ||    45
